 Dungeon Crawl Stone Soup version 0.28-a0-674-gdaf460b524 (webtiles) character file.

Game seed: 3281009628930730167

105 demibob the Poker (level 4, 0/35 HPs)
             Began as a Demonspawn Abyssal Knight on Oct 18, 2021.
             Was a Believer of Lugonu.
             Slain by an orc (5 damage)
             ... on level 3 of the Dungeon.
             The game lasted 00:04:44 (2609 turns).

demibob the Poker (Demonspawn Abyssal Knight)       Turns: 2609, Time: 00:04:44

Health: 0/35       AC:  4    Str: 14      XL:     4   Next: 53%
Magic:  5/5        EV: 15    Int: 11      God:    Lugonu [**....]
Gold:   70         SH:  0    Dex: 12 (14) Spells: 3/3 levels left

rFire   . . .      SeeInvis .   a - +2 spear
rCold   . . .      Faith    .   (no shield)
rNeg    . . .      Spirit   .   b - +1 leather armour
rPois   .          Reflect  .   (helmet restricted)
rElec   .          Harm     .   (no cloak)
rCorr   .          Rampage  .   (no gloves)
Will    .....                   (no boots)
Stlth   +.........              (no amulet)
HPRegen 0.11/turn               E - +4 ring of evasion
MPRegen 0.09/turn               L - ring of flight

@: flying, hasted, very quick
A: horns 1, foul stench 1
a: Renounce Religion, Depart the Abyss, Bend Space


You were on level 3 of the Dungeon.
You worshipped Lugonu.
Lugonu was pleased with you.
You visited 1 branch of the dungeon, and saw 3 of its levels.
You visited the Abyss 1 time.

You collected 70 gold pieces.


Innate Abilities, Weirdness & Mutations

You have a pair of small horns on your head.
You may rarely emit foul miasma when damaged in melee.


   Skills:
 - Level 3.0 Fighting
 + Level 4.4 Polearms
 - Level 1.7 Armour
 - Level 0.8 Dodging
 - Level 2.4 Invocations


You had 3 spell levels left.
You didn't know any spells.
Your spell library was empty.

Inventory:

Hand Weapons
 a - a +2 spear (weapon)
Missiles
 c - 7 poisoned darts (quivered)
 l - 2 throwing nets {=f}
Armour
 b - a +1 leather armour (worn)
Jewellery
 E - a +4 ring of evasion (left hand)
 L - a ring of flight (right hand)
 S - a +6 ring of strength
Wands
 e - a wand of digging (10)
Scrolls
 f - a scroll of enchant armour
 j - a scroll of fog
 k - a scroll of identify {@r1}
Potions
 h - a potion of magic

Dungeon Overview and Level Annotations

Branches:
Dungeon (3/15)

Altars:

#........#.#>######.
##########.#..†.....
####.######### ###
#.......#
..$..######.##.##.#
#(..){.........#
#..#####.......######
.###..#.{...............
....o.o@###.......######
## ..##..### #.......#
.# { #. #......## .# ..
# ....#...## .# ...
######.## .# #.# #.#
.##### #.# ### #.#
.....# #.###.## ##)##
.###.# ##.##...##
##...##


You could see 2 orcs.


Message History

The magic dart hits you!
* * * LOW HITPOINT WARNING * * *
A magic dart appears from out of thin air!
The magic dart hits you!
* * * LOW HITPOINT WARNING * * *
You feel better.
An orc comes into view. It is wielding a +0 short sword.
The orc shouts!
As you read the scroll labelled ITUANE KIAPUHES, it crumbles to dust.
It is a scroll of enchant weapon.
Your +1 spear glows red for a moment.
As you read the scroll labelled KOMUAP POTROC, it crumbles to dust.
It is a scroll of amnesia.
You feel forgetful for a moment.
You feel yourself speed up.
An orc comes into view. It is wielding a +0 dagger.
The orc shouts!
You barely miss the orc. Something hits you but does no damage.
You hit the orc.
The orc is almost dead.
The orc hits you with a +0 short sword.
* * * LOW HITPOINT WARNING * * *
You closely miss the orc. You headbutt the orc, but do no damage.
The orc is almost dead.
Something hits you.
* * * LOW HITPOINT WARNING * * *
You barely miss the orc.
The orc is almost dead.
The orc hits you with a +0 short sword.
You die...

Skill      XL: |  1  2  3 |
---------------+----------+-----
Polearms       | 2 3 4 |  4.4
Fighting       | |  3.0
Armour         | |  1.7
Dodging        | |  0.8
Invocations    | |  2.4

Action                   |  1- 3 |  4- 6 || total
-------------------------+-------+-------++-------
Melee: Spear             |   135 |    48 ||   183
       Headbutt          |     4 |     7 ||    11
Throw: Dart              |    12 |    14 ||    26
Invok: Depart the Abyss  |     1 |       ||     1
  Use: Scroll            |     5 |     2 ||     7
       Potion            |     2 |     2 ||     4
 Stab: Sleeping          |     1 |       ||     1
Armor: Leather armour    |    12 |     4 ||    16
Dodge: Dodged            |    74 |    13 ||    87

Levels and vault maps discovered:
D:1:      dpeg_arrival_round_a, layout_basic, shapermc_ecumenical_altar_venn
D:2:      layout_basic
D:3:      layout_loops_corners, grunt_ministairs_13, kennysheep_generic_room_9,
          uniq_ijyb, uniq_grinder

Notes
Turn   | Place    | Note
-------+----------+-------------------------------------------
     0 | Abyss:1  | demibob the Demonspawn Abyssal Knight began the quest for
                  | the Orb.
     0 | Abyss:1  | Reached XP level 1. HP: 18/18 MP: 2/2
    43 | Abyss:1  | Noticed a thrashing horror
    44 | D:1      | You pass through the gate.
    44 | D:1      | Escaped the Abyss
   110 | D:1      | Reached skill level 2 in Polearms
   227 | D:1      | Gained mutation: You may rarely emit foul miasma when
                  | damaged in melee. [demonic ancestry]
   227 | D:1      | Reached XP level 2. HP: 19/24 MP: 3/3
   718 | D:1      | Reached skill level 3 in Polearms
   734 | D:1      | Reached * piety under Lugonu
  1001 | D:1      | Gained mutation: You have a pair of small horns on your
                  | head. [demonic ancestry]
  1001 | D:1      | Reached XP level 3. HP: 29/29 MP: 4/4
  1096 | D:1      | Found a faded altar of an unknown god.
  1915 | D:3      | Noticed Ijyb
  1941 | D:2      | Killed Ijyb
  1942 | D:2      | Reached skill level 4 in Polearms
  1942 | D:2      | Reached XP level 4. HP: 16/35 MP: 5/5
  2306 | D:3      | Reached ** piety under Lugonu
  2596 | D:3      | HP: 2/35 [something/magic dart (10)]
  2609 | D:3      | Slain by an orc

Vanquished Creatures
  Ijyb (D:2)
  2 worms
  3 dart slugs (D:1)
  6 orcs (D:3)
  4 endoplasms (D:1)
  4 goblins
  4 hobgoblins
  5 kobolds
  6 quokkas
  8 ball pythons
  4 bats
  6 frilled lizards
  6 rats
59 creatures vanquished.

Table legend: (Time is in decaauts)
 A = Elapsed time spent in this place.
 B = Non-inter-level travel time spent in this place.
 C = Inter-level travel time spent in this place.
 D = Time resting spent in this place.
 E = Time spent auto-exploring this place.
 F = Levels seen in this place.
 G = Mean time per level.
                   A        B        C        D        E       F      G
               +--------+--------+--------+--------+--------+-----+--------+
         Total |   2593 |   2515 |     78 |    171 |   1892 |   4 |  648.2 |
       Dungeon |   2549 |   2471 |     78 |    171 |   1867 |   3 |  849.7 |
         Abyss |     44 |     44 |      0 |      0 |     25 |   1 |   44.0 |
               +--------+--------+--------+--------+--------+-----+--------+

Top non-repeatable levels by time:
     D:1: 1157 daAuts
     D:2: 952 daAuts
     D:3: 439 daAuts
 Abyss:1: 44 daAuts

Table legend:
 A = Non-vault XP
 B = Vault XP
 C = Vault XP percentage of total XP
 D = Non-vault monster count
 E = Vault monster count
 F = Vault count percentage of total count
                 A         B        C        D         E       F
            +---------+---------+-------+---------+---------+-------
      Total |     109 |      41 |  27.3 |      57 |       2 |   3.4
            +---------+---------+-------+---------+---------+-------
        D:1 |      47 |       0 |   0.0 |      26 |       0 |   0.0
        D:2 |      30 |      36 |  54.5 |      16 |       1 |   5.9
        D:3 |      32 |       5 |  13.5 |      15 |       1 |   6.2
            +---------+---------+-------+---------+---------+-------
